 Dungeon Crawl Stone Soup version 0.21.1-1-g345015f (webtiles) character file.

92 zishaf the Poker (level 4, -1/31 HPs)
             Began as a Merfolk Fighter on May 18, 2018.
             Was an Initiate of Hepliaklqana.
             Slain by an orc (4 damage)
             ... on level 3 of the Dungeon.
             The game lasted 00:05:19 (3272 turns).

zishaf the Poker (Merfolk Fighter)                  Turns: 3272, Time: 00:05:20

Health: -1/31      AC:  7    Str: 17    XL:     4   Next: 60%
Magic:  4/4        EV:  4    Int:  7    God:    Hepliaklqana [......]
Gold:   157        SH:  9    Dex: 13    Spells: 3/3 levels left

rFire    . . .     SeeInvis .   a - +0 trident
rCold    . . .     Gourm    .   c - +0 shield
rNeg     . . .     Faith    .   b - +0 scale mail
rPois    .         Spirit   .   (no helmet)
rElec    .         Reflect  .   (no cloak)
rCorr    .         Harm     .   (no gloves)
MR       .....                  r - +0 pair of boots
Stlth    ..........             (no amulet)
HPRegen  0.10/turn              g - -2 ring of evasion (curse)
MPRegen  0.09/turn              (no ring)

@: no status effects
A: change form in water, swift swim, stealthy swim, reduced essence
a: Recall Ancestor, Ancestor Identity, Renounce Religion


You were on level 3 of the Dungeon.
You worshipped Hepliaklqana.
Hepliaklqana was noncommittal.
You were not hungry.

You visited 1 branch of the dungeon, and saw 3 of its levels.

You collected 157 gold pieces.

Inventory:

Hand Weapons
 a - a +0 trident (weapon)
Armour
 b - a +0 scale mail (worn)
 c - a +0 shield (worn)
 r - a +0 pair of boots (worn)
Jewellery
 g - a cursed -2 ring of evasion (left hand)
 p - a +2 ring of protection {unknown}
Scrolls
 j - 2 scrolls of random uselessness {unknown}
 k - 2 scrolls of identify {unknown}
 m - a scroll of immolation {unknown}
 n - a scroll of blinking {unknown}
 o - a scroll of magic mapping {unknown}
 q - a scroll of remove curse {unknown}
Potions
 d - a potion of might
 e - a potion of resistance {unknown}
 h - a potion of agility {unknown}
 i - a potion of lignification {unknown}
 l - a potion of heal wounds {unknown}
Comestibles
 f - 2 rations


   Skills:
 - Level 3.2 Fighting
 + Level 6.8 Polearms
 - Level 2.1 Armour
 - Level 3.0 Shields


You had 3 spell levels left.
You didn't know any spells.

Dungeon Overview and Level Annotations

Branches:
Dungeon (3/15)

Altars:
Cheibriados
Gozag
Hepliaklqana
Kikubaaqudgha
Vehumet

Annotations:
D:3 Theotherone's ghost, weakling MiCK


Message History

The hobgoblin hits you but does no damage.
Theotherone's ghost shrieks, "What do you have that I didn't have?"
Cipactli closely misses the hobgoblin.
You block the hobgoblin's attack.
Cipactli barely misses the hobgoblin.
The hobgoblin hits Cipactli with a club.
Cipactli hits the hobgoblin.
Theotherone's ghost hits you!
A dart slug comes into view.
The hobgoblin barely misses Cipactli.
Cipactli closely misses the hobgoblin.
The hobgoblin closely misses Cipactli.
The orc hits Cipactli with a whip.
Cipactli hits the hobgoblin.
The hobgoblin dies!
Theotherone's ghost hits you!!
Ouch! That really hurt!
* * * LOW HITPOINT WARNING * * *
The orc barely misses Cipactli.
Cipactli barely misses Theotherone's ghost.
Cipactli hits the orc.
Cipactli barely misses the orc.
The orc hits you.
You die...

....#.........<.#### #.#.# #.##
#####...........(..###...#####.#.
##..........##...............
#.........................##
#............##..........##
#l<...........#......#####
######.)............[...#.##
#...............#..........#
#.####....##.###@.......#..##
..####...###.##..oW.....#...#
###.....####.##.##o.....##...#
....##.####.....##..o......#...
####...#....###................#
# #.##..###........R.....#.#.##
####.##.####.##.##........#....
................###....####
.###'###..####### ##...####


You could see the friendly Cipactli the ancestor, Theotherone's ghost and 3
orcs.

Vanquished Creatures
  2 adders (D:2)
  An ooze (D:3)
  A worm (D:2)
  2 dart slugs (D:2)
  5 leopard geckos
  A ball python (D:1)
  7 bats
  3 giant cockroaches
  9 goblins
  5 hobgoblins
  7 jackals (D:3)
  6 frilled lizards
  A kobold (D:2)
  4 rats
54 creatures vanquished.

Vanquished Creatures (collateral kills)
  A hobgoblin (D:3)
1 creature vanquished.

Vanquished Creatures (others)
  An ancestor (D:3)
1 creature vanquished.

Grand Total: 56 creatures vanquished

Notes
Turn   | Place    | Note
-------+----------+-------------------------------------------
     0 | D:1      | zishaf the Merfolk Fighter began the quest for the Orb.
     0 | D:1      | Reached XP level 1. HP: 18/18 MP: 1/1
   147 | D:1      | Reached skill level 4 in Polearms
   147 | D:1      | Reached XP level 2. HP: 20/24 MP: 2/2
   824 | D:2      | Reached skill level 5 in Polearms
   824 | D:2      | Reached XP level 3. HP: 22/29 MP: 3/3
   879 | D:2      | Found a snail-covered altar of Cheibriados.
  1098 | D:2      | Found a radiant altar of Vehumet.
  1234 | D:2      | Reached skill level 6 in Polearms
  1245 | D:2      | Reached XP level 4. HP: 31/35 MP: 4/4
  1359 | D:2      | Found an ancient bone altar of Kikubaaqudgha.
  1415 | D:3      | Noticed Theotherone's ghost (weakling MiCK)
  2251 | D:3      | HP: 1/35 [Theotherone's ghost (4)]
  2649 | D:3      | Found a hazy altar of Hepliaklqana.
  2655 | D:3      | Became a worshipper of Hepliaklqana the Forgotten
  3176 | D:3      | Found an opulent altar of Gozag.
  3254 | D:3      | Found a snail-covered altar of Cheibriados.
  3272 | D:3      | Slain by an orc

Skill      XL: |  1  2  3 |
---------------+----------+-----
Polearms       | 4 5 6 |  6.8
Fighting       | |  3.2
Armour         | |  2.1
Shields        | |  3.0

Action                   |  1- 3 |  4- 6 || total
-------------------------+-------+-------++-------
Melee: Trident           |    99 |    87 ||   186
Invok: Recall Ancestor   |       |     1 ||     1
  Eat: Chunk             |     1 |     5 ||     6
       Ration            |       |     1 ||     1
Armor: Scale mail        |    37 |    34 ||    71
Dodge: Dodged            |    23 |    11 ||    34
Block: Shield            |    38 |    37 ||    75
